 Dungeon Crawl Stone Soup version 0.30.1-9-gdf580d7c3d (webtiles) character file.

Game seed: 17061028183317982321

88 fireball365 the Covered (level 4, -5/44 HPs)
             Began as a Hill Orc Fighter on Oct 8, 2023.
             Killed by divine providence
             ... invoked by an orc priest
              (11 damage)
             ... on level 4 of the Dungeon.
             The game lasted 00:03:05 (1809 turns).

fireball365 the Covered (Hill Orc Fighter)          Turns: 1809, Time: 00:03:06

Health: -5/44      AC: 15    Str: 20    XL:     4   Next: 54%
Magic:  4/4        EV:  5    Int:  8    God:
Gold:   111        SH:  0    Dex: 10    Spells: 3/3 levels left

rFire   . . .        a - +0 war axe
rCold   . . .        c - +0 buckler
rNeg    . . .        e - +0 plate armour
rPois   .            (no helmet)
rElec   .            (no cloak)
rCorr   .            (no gloves)
SInv    .            q - +0 pair of boots
Will    .....        (no amulet) Stlth
                     (no ring)
HPRegen 0.27/turn    (no ring)
MPRegen 0.09/turn

%: no passive effects
@: confused
A: iridescent scales 1, robust 1
a: Convert to Beogh


You were on level 4 of the Dungeon.
You visited 1 branch of the dungeon, and saw 3 of its levels.

You collected 111 gold pieces.

Inventory:

Hand Weapons
 a - a +0 war axe (weapon)
 n - the +2 mace of Unreason {freeze, rC+}
   (You found it on level 2 of the Dungeon)

   rC:        It protects you from cold.
Missiles
 f - 5 javelins (quivered)
 k - 4 poisoned darts
Armour
 c - a +0 buckler (worn)
 e - a +0 plate armour (worn)
 q - a +0 pair of boots (worn)
Scrolls
 i - a scroll of magic mapping {unknown}
 l - 2 scrolls of blinking
 o - 3 scrolls of fog
 p - a scroll of amnesia {unknown}
 r - a scroll of noise {unknown}
Potions
 b - a potion of berserk rage {unknown}
 d - a potion of might
 h - a potion of curing {unknown}
 j - 2 potions of magic {unknown}
 m - 2 potions of ambrosia {unknown}


   Skills:
 + Level 4.2 Fighting
 + Level 3.8 Axes
 + Level 4.3 Armour
 + Level 3.8 Shields


You had 3 spell levels left.
You didn't know any spells.
Your spell library contained the following spells:

 Spells                   Type           Power      Damage    Failure   Level
 Apportation              Tloc           0%         N/A       100%        1
 Necrotise                Necr           0%         1d4       100%        1
 Summon Small Mammal      Summ           0%         N/A       100%        1
 Sublimation of Blood     Necr           0%         N/A       100%        2
 Wereblood                Tmut           0%         N/A       100%        2
 Summon Hydra             Summ           0%         N/A       100%        7


Dungeon Overview and Level Annotations

Branches:
Dungeon (2/15)

Altars:


Innate Abilities, Weirdness & Mutations

You are partially covered in iridescent scales. (AC +2)
You are robust. (+10% HP)


Message History

The orc priest calls upon Beogh to heal the orc wizard.
The orc wizard is healed somewhat.
The orc wizard hits you but does no damage.
You hear a shout!
You hit the orc wizard.
The orc wizard is severely wounded.
The orc wizard barely misses you.
You closely miss the orc wizard.
The orc wizard is severely wounded.
The orc wizard hits you but does no damage.
You barely miss the orc wizard.
The orc wizard is severely wounded.
The orc wizard points at you and mumbles some strange words.
You are confused.
An orc priest comes into view. It is wielding a +0 club.
The orc priest invokes the aid of Beogh against you.
Beogh smites you!
The orc wizard hits you but does no damage.
The orc priest shouts, "Surrender to Beogh and we'll let you live!"
You closely miss the orc wizard.
The orc wizard is severely wounded.
The orc wizard barely misses you.
The orc priest mumbles some strange prayers to Beogh against you.
Beogh smites you!
* * * LOW HITPOINT WARNING * * *
You bump into the rock wall.
The orc wizard hits you but does no damage.
You're too confused to move!
The orc wizard hits you but does no damage.
You hit the orc wizard.
The orc wizard is almost dead.
The orc wizard hits you with a +0 dagger.
* * * LOW HITPOINT WARNING * * *
You bump into the rock wall.
The orc wizard casts a spell.
The orc wizard flickers and vanishes!
Deactivating autopickup; reactivate with Ctrl-A.
The orc priest invokes the aid of Beogh against you.
Beogh smites you!
You die...

#. #.# #.##.# #.##.#
#.##.# # #.##.# ####
#.#.##.# ##...
#.#.##.# #..#
#......###########..#
####............@{oo.#
........###########..#
#######.# #..# #.#
...# #.# #.## #.# #.#
#.# #.# #. #..


You could see 2 orc priests.

Vanquished Creatures
  An orc wizard (D:4)
  A gnoll (D:1)
  A worm (D:2)
  3 dart slugs
  5 ball pythons
  5 bats
  2 endoplasms
  2 giant cockroaches (D:2)
  7 goblins
  5 hobgoblins
  6 jackals
  3 kobolds
  2 frilled lizards (D:1)
  2 rats (D:1)
45 creatures vanquished.

Vanquished Creatures (others)
  An orc wizard (D:4)
1 creature vanquished.

Grand Total: 46 creatures vanquished

Notes
Turn   | Place    | Note
-------+----------+-------------------------------------------
     0 | D:1      | fireball365 the Hill Orc Fighter began the quest for the
                  | Orb.
     0 | D:1      | Reached XP level 1. HP: 19/19 MP: 1/1
   116 | D:1      | Reached XP level 2. HP: 24/27 MP: 2/2
   215 | D:1      | Reached XP level 3. HP: 31/33 MP: 3/3
   876 | D:1      | Found a faded altar of an unknown god.
  1174 | D:2      | Identified the +2 mace of Unreason {freeze, rC+}
  1259 | D:2      | Reached XP level 4. HP: 40/40 MP: 4/4
  1506 | D:2      | Gained mutation: You are partially covered in iridescent
                  | scales. (AC +2) [potion of mutation]
  1506 | D:2      | Gained mutation: You are frail. (-10% HP) [potion of
                  | mutation]
  1506 | D:2      | Gained mutation: You are mostly covered in iridescent
                  | scales. (AC +4) [potion of mutation]
  1506 | D:2      | Lost mutation: You are frail. (-10% HP) [potion of
                  | mutation]
  1653 | D:2      | Lost mutation: You are mostly covered in iridescent scales.
                  | (AC +4) [potion of mutation]
  1653 | D:2      | Lost mutation: You are partially covered in iridescent
                  | scales. (AC +2) [potion of mutation]
  1653 | D:2      | Gained mutation: You are robust. (+10% HP) [potion of
                  | mutation]
  1653 | D:2      | Gained mutation: You are partially covered in iridescent
                  | scales. (AC +2) [potion of mutation]
  1748 | D:2      | You fall into a shaft and drop 2 floors!
  1809 | D:4      | Killed from afar by an orc priest

Illustrated notes

Levels and vault maps discovered:
D:1:      minmay_arrival_split_and_join, layout_basic,
          dreamdust_ecumenical_altar_hidden_monk_grotto, solitary_fountain,
          amcnicky_mini_corridor_feature, minmay_split_cup_small
D:2:      layout_loops_corners, kennysheep_generic_room_15
D:4:      layout_basic, nicolae_grassy_gnolls

Skill      XL: |  1  2  3 |
---------------+----------+-----
Fighting       | 4 |  4.2
Axes           | 3 |  3.8
Armour         | 4 |  4.3
Shields        | |  3.8

Action                     |  1- 3 |  4- 6 || total
---------------------------+-------+-------++-------
  Melee: War axe           |   108 |    60 ||   168
    Use: Scroll            |       |     3 ||     3
         Potion            |       |     2 ||     2
 Armour: Plate armour      |    88 |    50 ||   138
  Dodge: Dodged            |    33 |    12 ||    45
  Block: Buckler           |    35 |    10 ||    45
